 Dungeon Crawl Stone Soup version 0.30-a0-748-ge6a52f7cba (webtiles) character file.

Game seed: 18024859537755085092

15485 runemasterragnar the Transmogrifier (level 12, -4/183 HPs)
             Began as a Pale Draconian Transmuter on Feb 8, 2023.
             Was an Initiate of Gozag.
             Slain by an orc warrior
             ... wielding a +0 glaive
             ... led by an orc warlord
              (23 damage)
             ... on level 2 of the Orcish Mines.
             The game lasted 00:31:08 (13483 turns).

runemasterragnar the Transmogrifier (DrTm)         Turns: 13483, Time: 00:31:08

Health: -4/183     AC:  8    Str: 13    XL:     12   Next: 1%
Magic:  19/22      EV: 12    Int: 19    God:    Gozag
Gold:   1614       SH:  0    Dex: 11    Spells: 3/25 levels left

rFire   + . .      SeeInvis +      - Unarmed
rCold   + + +      Faith    .    (shield currently unavailable)
rNeg    . . .      Spirit   .    (body armour unavailable)
rPois   +          Reflect  .    (helmet currently unavailable)
rElec   +          Harm     .    (cloak currently unavailable)
rCorr   +          Rampage  .    (gloves currently unavailable)
Will    .....                    (boots currently unavailable) Stlth
                                 I - amulet of regeneration
HPRegen 1.30/turn                t - ring of protection from fire
MPRegen 0.18/turn                E - ring of see invisible

@: berserking, ice-form, resistant, wereblooded, gold aura, hasted, very quick
A: freezing attack, amphibious, boosted hp, (breathe steam), AC +8, large,
unfitting armour, (cold-blooded), (steam resistance)
a: End Transformation, Renounce Religion, Potion Petition, Call Merchant, Bribe
Branch


You were on level 2 of the Orcish Mines.
You worshipped Gozag.
Gozag was most pleased with you.
You were a creature of crystalline ice.
You visited 3 branches of the dungeon, and saw 14 of its levels.

You collected 2551 gold pieces.
You paid 937 gold pieces to Gozag.

Inventory:

Hand Weapons
 r - a +2 heavy trident
 v - a +2 dagger of flaming
Armour
 e - an orb of wrath
 J - a +1 cloak of willpower (melded)
Jewellery
 q - a ring of fire
 t - a ring of protection from fire (left front paw)
 E - a ring of see invisible (right front paw)
 G - a +5 ring of evasion
 I - an amulet of regeneration (around neck)
Wands
 s - a wand of polymorph (5)
 B - a wand of light (6)
Scrolls
 a - a scroll of enchant weapon {unknown}
 c - a scroll of fear {unknown}
 f - 2 scrolls of magic mapping
 h - 2 scrolls of teleportation
 k - a scroll of enchant armour {unknown}
 l - a scroll of acquirement {unknown}
 o - 2 scrolls of amnesia {unknown}
 w - a scroll of noise {unknown}
 x - a scroll of fog {unknown}
 y - 3 scrolls of poison {unknown}
 A - a scroll of vulnerability
 F - a scroll of immolation {unknown}
 H - a scroll of butterflies {unknown}
Potions
 b - 3 potions of ambrosia
 d - 2 potions of degeneration
 g - a potion of magic
 i - 3 potions of curing
 n - 2 potions of brilliance
 u - 4 potions of attraction
 z - 2 potions of flight {unknown}
 C - a potion of might
 D - 2 potions of haste


   Skills:
 + Level 8.3 Fighting
 + Level 7.2 Dodging
 + Level 8.0 Unarmed Combat
 + Level 7.0 Spellcasting
 + Level 5.9 Translocations
 * Level 10.9 Transmutations
 + Level 4.2 Air Magic


You had 3 spell levels left.
You knew the following spells:

 Your Spells              Type           Power      Damage    Failure   Level
a - Beastly Appendage     Tmut           96%        N/A       1%          1
b - Wereblood             Tmut           48%        N/A       1%          2
c - Spider Form           Tmut/Pois      27%        N/A       3%          3
d - Blink                 Tloc           58%        N/A       1%          2
e - Ice Form              Ice/Tmut       27%        N/A       11%         4
f - Manifold Assault      Tloc           29%        N/A       9%          4
g - Mephitic Cloud        Conj/Pois/Air  12%        N/A       17%         3
h - Vhi's Electric Charg  Tloc/Air       52%        N/A       3%          3

Your spell library contained the following spells:

 Spells                   Type           Power      Damage    Failure   Level
 Poisonous Vapours        Pois/Air       28%        N/A       6%          2
 Cigotuvi's Dreadful Rot  Necr/Pois/Air  24%        N/A       9%          2
 Magic Dart               Conj           24%        1d4       10%         1
 Searing Ray              Conj           12%        2d4       16%         2
 Summon Forest            Summ/Tloc      9%         N/A       63%         5
 Fulminant Prism          Conj/Hex       3%         3d5       69%         4
 Arcjolt                  Conj/Air       7%         1d17      75%         5
 Freezing Cloud           Conj/Ice/Air   6%         6-21      83%         5
 Summon Mana Viper        Hex/Summ       6%         N/A       95%         5
 Storm Form               Tmut/Air       17%        N/A       98%         7
 Summon Cactus Giant      Summ           3%         N/A       100%        6
 Maxwell's Capacitive Co  Air            11%        ∞         100%        8
 Polar Vortex             Ice            3%         N/A       100%        9
 Simulacrum               Ice/Necr       Unusable   N/A       N/A         6

Dungeon Overview and Level Annotations

Branches:
Dungeon (11/15)            Temple (1/1) D:4            Lair (0/5) D:11
    Orc (2/2) D:9             Elf (0/3) Orc:2

Altars:
Cheibriados
Dithmenos
Fedhas
Gozag
Hepliaklqana
Kikubaaqudgha
Makhleb
Nemelex Xobeh
Okawaru
Qazlal
Sif Muna
Trog
Uskayaw
Vehumet
Wu Jian
Xom
Yredelemnul
Zin
The Shining One

Shops:
D:5 [

Annotations:
Orc:1 Harold, Josephine


Innate Abilities, Weirdness & Mutations

You are a creature of crystalline ice.
You have a powerful freezing melee attack.
You are amphibious.
Your maximum health is increased.
Your armour is entirely melded.
You are incapable of wielding weapons or throwing items.
((You can breathe blasts of scalding, opaque steam.))
((Your pale cyan-grey scales are hard. (AC +8)))
You cannot fit into any form of body armour.
((You are cold-blooded and may be slowed by cold attacks.))
((You are immune to the effects of steam.))


Message History

You feel protected.
You feel much better.
A red film seems to cover your vision as you go berserk!
You feel yourself moving faster!
You feel mighty! The orc warrior closely misses you.
The orc warlord hits you with a +2 long sword of holy wrath!
You pummel the orc warlord!! You freeze the orc warlord.
The orc warlord is moderately wounded.
The orc warrior hits you from afar with a +0 glaive!!
The ogre hits you with a +0 giant spiked club!
The orc warlord hits you with a +2 long sword of holy wrath!
You barely miss the orc warlord.
The orc warlord is moderately wounded.
You punch the orc warlord! You freeze the orc warlord!
The orc warlord is heavily wounded.
The orc warrior misses you.
The orc warlord hits you with a +2 long sword of holy wrath!!
You punch the orc warlord! You freeze the orc warlord.
The orc warlord is heavily wounded.
The ogre misses you.
You punch the orc warlord! You freeze the orc warlord.
The orc warlord is severely wounded.
The orc warrior barely misses you.
The orc warlord hits you with a +2 long sword of holy wrath!
* * * LOW HITPOINT WARNING * * *
You completely miss the orc warlord.
The orc warlord is severely wounded.
The orc warrior hits you from afar with a +0 glaive!!
* * * LOW HITPOINT WARNING * * *
The ogre hits you but does no damage.
The orc warlord hits you with a +2 long sword of holy wrath.
* * * LOW HITPOINT WARNING * * *
You punch the orc warlord! You freeze the orc warlord.
The orc warlord is severely wounded.
You howl as the wereblood boils in your veins!
You pummel the orc warlord!! You freeze the orc warlord.
You feel a bit better.
You kill the orc warlord!
The orc warrior hits you from afar with a +0 glaive!!
You die...
Your body crumbles into a pile of gold.

#.............
########............
#.....###........)..
###....########......#
##.........###........#
#........####..........
#.........##........<..
#...oO$$...#...........
#..O.#Y##........#.....
..o....###........###....
o........ ##........####..
.........#.........#####..
#......###.........##.....
###.... #................
##.#. .....#.#..........
..................
###.#.#.....###


You could see an orc warrior (strong) and an ogre.

Vanquished Creatures
  Gastronok (D:9)
  An orc warlord (Orc:2)
  An ettin (Orc:2)
  3 two-headed ogres
  Lodul (D:10)
  An orc knight (Orc:2)
  An orc sorcerer (Orc:2)
  A deep elf pyromancer (D:11)
  Maurice (D:10)
  An unseen horror (D:10)
  Psyche (D:10)
  A komodo dragon (D:10)
  4 trolls
  A hornet (D:8)
  Prince Ribbit (D:8)
  Sigmund (D:2)
  13 yaks
  A vampire (D:11)
  2 steam dragons
  Menkaure (D:4)
  2 wargs (Orc:2)
  Duvessa (D:5)
  3 water moccasins
  6 orc warriors
  6 ice beasts
  A black bear (D:7)
  2 wolves (D:11)
  10 ogres
  A centaur (D:9)
  5 kobold brigands
  Blork the orc (D:6)
  3 bullfrogs
  2 gnoll sergeants
  2 scorpions
  2 necrophages
  3 wights (D:8)
  Dowan (D:5)
  2 howler monkeys (D:9)
  4 hounds
  A jelly (D:6)
  9 orc priests
  2 gnoll boudas
  2 iguanas
  12 orc wizards
  Robin (D:2)
  22 gnolls
  12 adders
  A white imp (D:8)
  An ufetubus (D:7)
  3 worms
  A dart slug (Orc:1)
  30 orcs
  8 ball pythons
  2 bats
  3 endoplasms
  3 giant cockroaches
  11 hobgoblins
  29 kobolds
  2 frilled lizards (D:1)
  16 goblins
  10 rats
276 creatures vanquished.

Notes
Turn   | Place    | Note
-------+----------+-------------------------------------------
     0 | D:1      | runemasterragnar the Draconian Transmuter began the quest
                  | for the Orb.
     0 | D:1      | Reached XP level 1. HP: 16/16 MP: 3/3
   354 | D:1      | Reached XP level 2. HP: 23/23 MP: 3/5
   807 | D:1      | Found a faded altar of an unknown god.
   948 | D:2      | Noticed Robin
   954 | D:1      | Learned a level 2 spell: Wereblood
   989 | D:2      | Reached XP level 3. HP: 28/28 MP: 3/6
  1000 | D:2      | Killed Robin
  1118 | D:2      | Noticed Sigmund
  1171 | D:3      | Learned a level 3 spell: Spider Form
  1345 | D:3      | Reached skill level 3 in Transmutations
  1345 | D:3      | Reached XP level 4. HP: 36/36 MP: 5/7
  1418 | D:3      | Found a hazy altar of Hepliaklqana.
  1770 | D:3      | Found a stormy altar of Qazlal.
  2338 | D:2      | Killed Sigmund
  2339 | D:2      | Reached skill level 4 in Transmutations
  2339 | D:2      | Reached XP level 5. HP: 42/42 MP: 2/9
  2489 | D:2      | Reached XP level 6. HP: 50/50 MP: 8/10
  2685 | D:4      | Found an iron altar of Okawaru.
  3200 | D:4      | Found a staircase to the Ecumenical Temple.
  3219 | D:4      | Noticed Menkaure
  3238 | D:4      | Killed Menkaure
  3600 | Temple   | Entered the Ecumenical Temple
  3610 | Temple   | Became a worshipper of Gozag Ym Sagoz the Greedy
  3723 | D:4      | Noticed an angel
  3724 | D:4      | Found a glowing silver altar of Zin.
  3735 | D:4      | Learned a level 2 spell: Blink
  3736 | D:4      | Found a shimmering altar of Xom.
  3763 | D:4      | Your scales start taking on a pale cyan-grey colour.
  3763 | D:4      | Reached XP level 7. HP: 46/57 MP: 11/11
  3763 | D:4      | Gained mutation: You are immune to the effects of steam.
                  | [Pale Draconian growth]
  4149 | D:5      | Entered Level 5 of the Dungeon
  4197 | D:5      | Reached skill level 5 in Transmutations
  4420 | D:5      | Found Sagaux's Antique Armour Shop.
  4867 | D:5      | Noticed Dowan
  4868 | D:5      | Noticed Duvessa
  4906 | D:5      | Killed Duvessa
  4911 | D:5      | Killed Dowan
  4912 | D:5      | Reached XP level 8. HP: 34/66 MP: 11/13
  5387 | D:6      | Reached skill level 6 in Transmutations
  5462 | D:6      | Learned a level 4 spell: Ice Form
  5662 | D:6      | Reached skill level 5 in Unarmed Combat
  5759 | D:6      | Noticed Blork the orc
  5766 | D:6      | Killed Blork the orc
  5843 | D:6      | Found a basalt altar of Yredelemnul.
  5965 | D:6      | Found an ornate altar of the Wu Jian Council.
  6544 | D:7      | Reached skill level 1 in Translocations
  6622 | D:7      | Reached skill level 5 in Fighting
  6698 | D:7      | Reached skill level 7 in Transmutations
  6699 | D:7      | Reached XP level 9. HP: 74/74 MP: 13/15
  7532 | D:8      | Noticed Prince Ribbit
  7558 | D:8      | Killed Prince Ribbit
  7559 | D:8      | Reached skill level 5 in Dodging
  7636 | D:7      | Learned a level 4 spell: Manifold Assault
  7988 | D:8      | Reached skill level 5 in Spellcasting
  8068 | D:8      | Noticed a two-headed ogre
  8090 | D:8      | Killed a two-headed ogre
  8091 | D:8      | Reached skill level 8 in Transmutations
  8356 | D:8      | Paralysed by a hornet for 1 turns
  8508 | D:8      | Reached XP level 10. HP: 78/83 MP: 14/18
  9210 | D:9      | Noticed Gastronok
  9963 | D:9      | Killed Gastronok
  9964 | D:9      | Reached skill level 9 in Transmutations
 10260 | D:9      | Learned a level 3 spell: Mephitic Cloud
 10321 | D:9      | Found a staircase to the Orcish Mines.
 10362 | D:9      | Reached skill level 1 in Air Magic
 10716 | D:9      | Found a blossoming altar of Fedhas.
 10721 | D:9      | Found a radiant altar of Vehumet.
 10722 | D:9      | Found a glowing golden altar of the Shining One.
 10722 | D:9      | Found a burning altar of Makhleb.
 10722 | D:9      | Found a shadowy altar of Dithmenos.
 10727 | D:9      | Found a shimmering blue altar of Sif Muna.
 10858 | D:10     | Entered Level 10 of the Dungeon
 10881 | D:10     | Noticed a two-headed ogre
 10890 | D:10     | Killed a two-headed ogre
 10891 | D:10     | Reached XP level 11. HP: 51/92 MP: 20/20
 11069 | D:10     | Found a hide-covered altar of Uskayaw.
 11193 | D:10     | Learned a level 3 spell: Vhi's Electric Charge
 11489 | D:10     | Noticed Psyche
 11497 | D:10     | Killed Psyche
 11498 | D:10     | Reached skill level 5 in Translocations
 11499 | D:10     | Noticed Maurice
 11524 | D:10     | Killed Maurice
 11648 | D:10     | Noticed Lodul
 11655 | D:10     | Reached skill level 10 in Transmutations
 11742 | D:10     | Killed Lodul
 12280 | D:11     | Noticed a deep elf pyromancer
 12391 | D:11     | Noticed a two-headed ogre
 12405 | D:11     | Killed a two-headed ogre
 12442 | D:11     | Killed a deep elf pyromancer
 12542 | D:11     | Noticed a brown ugly thing
 12543 | D:11     | Noticed a green ugly thing
 12602 | Orc:1    | Entered Level 1 of the Orcish Mines
 12602 | Orc:1    | Noticed Harold
 12602 | Orc:1    | Noticed an orc knight
 12622 | Orc:1    | Noticed Josephine
 12851 | Orc:2    | Entered Level 2 of the Orcish Mines
 12861 | Orc:2    | Found a staircase to the Elven Halls.
 13021 | Orc:2    | Noticed an orc knight
 13078 | Orc:2    | Killed an orc knight
 13253 | Orc:2    | Noticed an orc sorcerer
 13268 | Orc:2    | Killed an orc sorcerer
 13312 | Orc:2    | Noticed an ettin
 13328 | Orc:2    | Killed an ettin
 13463 | Orc:2    | Noticed an orc warlord
 13469 | Orc:2    | Reached XP level 12. HP: 102/102 MP: 17/22
 13483 | Orc:2    | Killed an orc warlord
 13483 | Orc:2    | Slain by an orc warrior

Illustrated notes

Levels and vault maps discovered:
D:1:      beargit_arrival_diablo_church, layout_basic,
          dreamdust_ecumenical_altar_grove
D:2:      layout_basic, uniq_robin, uniq_sigmund
D:3:      layout_loops_ring, mainiacjoe_overflow_tiny_flanked,
          old_standard_altar
D:4:      layout_loops_ring, grunt_temple_overflow_order_and_chaos_1,
          okawaru_ov_weapons_minmay, minmay_temple_entry_antechambers,
          uniq_menkaure
D:5:      wad_crossroads, layout_rooms, serial_shops, shop, uniq_duvessa
D:6:      layout_loops_cross, lemuel_round_altar,
          mainiacjoe_overflow_small_starburst, item_on_display_b,
          uniq_blork_the_orc
D:7:      layout_basic
D:8:      layout_loops_ring, minmay_holes, kennysheep_small_square,
          uniq_prince_ribbit1
D:9:      layout_cave_pools, minitemple, david_orc_2, uniq_gastronok
D:10:     layout_loops_corners, overflow_temple_1_default, uniq_lodul,
          uniq_maurice, uniq_psyche
D:11:     layout_cross, hellmonk_lair_entry_icy
Temple:   nicolae_temple_ecumenical_triangle
Orc:1:    layout_caves, uniq_josephine, uniq_harold
Orc:2:    grunt_orc_tribal_feast, layout_diamond_mine

Skill      XL: |  1  2  3  4  5  6  7  8  9 10 11 |
---------------+----------------------------------+-----
Dodging        | 2 3 4 5 6 7 |  7.2
Fighting       | 2 3 4 5 6 7 8 |  8.3
Transmutations | 3 4 5 7 8 9 10 | 10.9
Spellcasting   | 3 4 5 6 7 |  7.0
Unarmed Combat | 4 5 6 7 8 |  8.0
Translocations | 1 3 4 5 |  5.9
Air Magic      | 2 4 |  4.2

Action                     |  1- 3 |  4- 6 |  7- 9 | 10-12 || total
---------------------------+-------+-------+-------+-------++-------
  Melee: Unarmed           |    90 |   107 |   263 |   296 ||   756
         Tailslap          |     6 |     7 |    19 |     4 ||    36
         Kick              |    12 |    17 |    34 |    16 ||    79
         Headbutt          |     5 |     3 |    18 |    17 ||    43
         Punch             |       |     3 |     9 |     8 ||    20
   Cast: Beastly Appendage |    19 |    26 |    23 |    10 ||    78
         Wereblood         |     2 |     1 |     2 |     6 ||    11
         Spider Form       |       |     4 |    13 |     6 ||    23
         Ice Form          |       |       |     4 |    21 ||    25
         Blink             |       |       |     3 |     6 ||     9
         Manifold Assault  |       |       |       |     8 ||     8
         Mephitic Cloud    |       |       |       |     9 ||     9
         Vhi's Electric Ch |       |       |       |     6 ||     6
 Invoke: Potion Petition   |       |       |       |     1 ||     1
Ability: Breathe Steam     |       |       |    29 |    20 ||    49
         End Transformatio |       |       |     3 |     4 ||     7
  Evoke: Wand              |       |       |       |    20 ||    20
    Use: Potion            |     1 |     2 |     1 |     2 ||     6
         Scroll            |       |     1 |     7 |     6 ||    14
   Stab: Sleeping          |     1 |       |       |       ||     1
         Invisible         |       |       |       |     2 ||     2
         Confused          |       |       |       |     1 ||     1
 Armour: Skin              |    50 |    33 |    57 |    91 ||   231
  Dodge: Dodged            |    53 |    59 |   161 |   221 ||   494

Table legend: (Time is in decaauts)
 A = Elapsed time spent in this place.
 B = Non-inter-level travel time spent in this place.
 C = Inter-level travel time spent in this place.
 D = Time resting spent in this place.
 E = Time spent auto-exploring this place.
 F = Levels seen in this place.
 G = Mean time per level.
                   A        B        C        D        E       F      G
               +--------+--------+--------+--------+--------+-----+--------+
         Total |  13417 |  12876 |    541 |   2527 |   7695 |  14 |  958.4 |
       Dungeon |  12528 |  11988 |    540 |   2445 |   7259 |  11 | 1138.9 |
        Temple |     21 |     21 |      0 |      0 |      6 |   1 |   21.0 |
  Orcish Mines |    868 |    868 |      0 |     82 |    430 |   2 |  434.0 |
               +--------+--------+--------+--------+--------+-----+--------+

Top non-repeatable levels by time:
     D:8: 2084 daAuts
    D:10: 1530 daAuts
     D:4: 1489 daAuts
     D:5: 1201 daAuts
     D:7: 1196 daAuts
     D:9: 1131 daAuts
     D:6: 1104 daAuts
     D:1: 966 daAuts
     D:3: 911 daAuts
     D:2: 749 daAuts
   Orc:2: 584 daAuts
   Orc:1: 283 daAuts
    D:11: 162 daAuts
  Temple: 21 daAuts
